 Dungeon Crawl Stone Soup version 0.30-a0-177-g1cb5dbfd7a (webtiles) character file.

Game seed: 16124441657239031917

53 Pooter the Shooter (level 3, -2/31 HPs)
             Began as a Minotaur Hunter on Oct 2, 2022.
             Slain by a scorpion (4 damage)
             ... on level 3 of the Dungeon.
             The game lasted 00:06:08 (1723 turns).

Pooter the Shooter (Minotaur Hunter)                Turns: 1723, Time: 00:06:09

Health: -2/31      AC:  5    Str: 17    XL:     3   Next: 62%
Magic:  2/2        EV: 11    Int:  6    God:
Gold:   131        SH:  0    Dex: 13    Spells: 2/2 levels left

rFire   . . .      SeeInvis .    a - +0 trident
rCold   . . .      Faith    .    (no shield)
rNeg    . . .      Spirit   .    j - +0 ring mail
rPois   .          Reflect  .    (helmet restricted)
rElec   .          Harm     .    (no cloak)
rCorr   .          Rampage  .    (no gloves)
Will    .....                    (no boots)
Stlth   +.........               (no amulet)
HPRegen 0.25/turn                (no ring)
MPRegen 0.08/turn                (no ring)

@: lethally poisoned (-2 -> -15)
A: horns 2, retaliatory headbutt
a: no special abilities


You were on level 3 of the Dungeon.
You visited 1 branch of the dungeon, and saw 3 of its levels.

You collected 131 gold pieces.

Inventory:

Hand Weapons
 a - a +0 trident (weapon)
   (You found it on level 1 of the Dungeon)
 b - a +0 shortbow
Missiles
 Q - 22 stones
Armour
 j - a +0 ring mail (worn)
   (You found it on level 2 of the Dungeon)
Jewellery
 q - a ring of ice
   (You found it on level 3 of the Dungeon)
Scrolls
 d - 3 scrolls of immolation {!r}
 e - a scroll of noise {unknown}
 f - a scroll of fog {unknown}
 g - a scroll of enchant armour
 i - a scroll of acquirement {unknown}
 m - a scroll of magic mapping
 n - a scroll of amnesia {unknown}
Potions
 c - 2 potions of berserk rage {unknown}
 h - a potion of flight {unknown}
 k - a potion of brilliance {unknown}
 l - a potion of cancellation {unknown}
 o - 2 potions of lignification {unknown}
 p - a potion of haste {unknown}


   Skills:
 + Level 3.3 Fighting
 + Level 1.2 Polearms
 * Level 5.3 Ranged Weapons
 - Level 2.1 Dodging
 - Level 0.7 Stealth


You had 2 spell levels left.
You didn't know any spells.
Your spell library was empty.

Dungeon Overview and Level Annotations

Branches:
Dungeon (3/15)

Altars:

Shops:
D:1 (


Innate Abilities, Weirdness & Mutations

You have a pair of horns on your head.
You reflexively headbutt those who attack you in melee.


Message History

You kill the frilled lizard!
The bat closely misses you. You furiously retaliate!
You headbutt the bat, but do no damage.
A quokka comes into view.
You shoot an arrow. The arrow closely misses the bat.
The bat hits you but does no damage. The bat hits you.
The teleport trap disappears.
The quokka disappears!
You shoot an arrow. The arrow hits the bat.
You kill the bat!
Found a dark potion.
Found a scratched coral ring.
You now have 131 gold pieces (gained 10).
You see here a +0 ring mail.
Found 15 gold pieces.
Found 2 puce potions.
p - a black potion
d - 3 scrolls of immolation {!r} (gained 1)
There is a faded altar of an unknown god here.
q - a ring of ice A scorpion comes into view.
You shoot an arrow. The arrow closely misses the scorpion.
You shoot an arrow. The arrow hits the scorpion.
You shoot an arrow. The arrow barely misses the scorpion.
You shoot an arrow.
The arrow hits the scorpion but does no damage.
The scorpion stings you.
You are poisoned.
The scorpion poisons you!
a - a +0 trident (weapon)
You feel sick. The scorpion closely misses you.
You hit the scorpion.
You feel sick. The scorpion stings you.
You hit the scorpion. You headbutt the scorpion.
You feel sick. The scorpion barely misses you. You furiously retaliate!
You headbutt the scorpion, but do no damage.
The scorpion stings you.
* * * LOW HITPOINT WARNING * * *
You are too injured to fight recklessly!
You are too injured to fight recklessly!
You are too injured to fight recklessly!
You barely miss the scorpion. Your punch misses the scorpion.
You feel sick. The scorpion stings you!
* * * LOW HITPOINT WARNING * * *
You are lethally poisoned!
The scorpion poisons you!
Unknown command.
You closely miss the scorpion.
* * * LOW HITPOINT WARNING * * *
You feel very sick. The scorpion stings you.
You die...

#$ #..........#
#..#.##....#..#
#.....#†#..##.#
#.#.#.._..#.+.#
#....#....[##.#
#...........#.#
...#...#......#
# ##.##....#.#
#..#s@.#.#....#
#.............#
#......#.######
....!......#
###.####.### ##
###


You could see a scorpion.

Vanquished Creatures
  An adder (D:2)
  4 endoplasms
  4 goblins
  5 hobgoblins
  5 jackals
  A quokka (D:3)
  8 ball pythons
  6 bats
  3 frilled lizards
  A kobold (D:1)
  2 rats
40 creatures vanquished.

Notes
Turn   | Place    | Note
-------+----------+-------------------------------------------
     0 | D:1      | Pooter the Minotaur Hunter began the quest for the Orb.
     0 | D:1      | Reached XP level 1. HP: 18/18 MP: 0/0
   196 | D:1      | Reached XP level 2. HP: 16/25 MP: 1/1
   410 | D:1      | Found Veog's Weapon Emporium.
   528 | D:1      | Reached skill level 5 in Ranged Weapons
  1021 | D:2      | Reached skill level 1 in Polearms
  1021 | D:2      | Reached XP level 3. HP: 29/31 MP: 2/2
  1679 | D:3      | Found a faded altar of an unknown god.
  1714 | D:3      | Noticed a scorpion
  1723 | D:3      | Slain by a scorpion

Illustrated notes

Levels and vault maps discovered:
D:1:      spicycebolla_arrival_xxxplode, layout_loops_ring, serial_shops,
          nicolae_shop_bloodbath_and_beyond, minmay_crystal_room
D:2:      layout_basic, st_stairs_13
D:3:      layout_basic, hellmonk_ecumenical_altar_blasted, serial_corexii_hall,
          corexii_hall_statues_deadend, corexii_hall_statues_deadend,
          kennysheep_donut, minivault_14, st_stairs_8, uniq_natasha,
          uniq_grinder, uniq_jessica

Skill      XL: |  1  2 |
---------------+-------+-----
Fighting       | 3 |  3.3
Ranged Weapons | 5 |  5.3
Polearms       | 1 |  1.2
Dodging        | |  2.1
Stealth        | |  0.7

Action                   || total
-------------------------++-------
Melee: Trident           ||    15
       Headbutt          ||     4
 Fire: Shortbow          ||    86
  Use: Scroll            ||     2
Armor: Leather armour    ||     2
       Ring mail         ||    11
Dodge: Dodged            ||    30

Table legend: (Time is in decaauts)
 A = Elapsed time spent in this place.
 B = Non-inter-level travel time spent in this place.
 C = Inter-level travel time spent in this place.
 D = Time resting spent in this place.
 E = Time spent auto-exploring this place.
 F = Levels seen in this place.
 G = Mean time per level.
                   A        B        C        D        E       F      G
               +--------+--------+--------+--------+--------+-----+--------+
         Total |   1748 |   1718 |     30 |    173 |   1252 |   3 |  582.7 |
       Dungeon |   1748 |   1718 |     30 |    173 |   1252 |   3 |  582.7 |
               +--------+--------+--------+--------+--------+-----+--------+

Top non-repeatable levels by time:
     D:1: 886 daAuts
     D:2: 777 daAuts
     D:3: 83 daAuts
